 Dungeon Crawl Stone Soup version 0.31.0-1-g2c135a0 (webtiles) character file.

Game seed: 7499056811262319289

10282 mezmerelda the Impaler (level 11, -1/95 HPs)
             Began as a Hill Orc Fighter on Feb 8, 2024.
             Was a High Priest of Beogh.
             Slain by Sonja
             ... wielding a +1 dagger of distortion
              (15 damage)
             ... on level 1 of the Orcish Mines.
             The game lasted 00:44:17 (9699 turns).

mezmerelda the Impaler (Hill Orc Fighter)           Turns: 9699, Time: 00:44:19

Health: -1/95      AC: 15    Str: 26    XL:     11   Next: 59%
Magic:  11/11      EV:  9    Int:  8    God:    Beogh [*****.]
Gold:   502        SH: 10    Dex: 10    Spells: 10/10 levels left

rFire   + . .        b - +0 hand axe (elec)
rCold   + . .        m - +0 kite shield
rNeg    . . .        o - +4 ring mail "Paawin" {Regen+ Str+2}
rPois   .            g - +0 helmet
rElec   .            K - scarf {rC+ rF+}
rCorr   .            J - +1 pair of gloves
SInv    .            B - +0 pair of boots
Will    +....        L - amulet of the acrobat Stlth
                     A - ring of willpower
HPRegen 1.15/turn    (no ring)
MPRegen 0.12/turn

%: acrobat
@: lethally poisoned (-1 -> -3), hasted and slowed
A: walk on water
a: Renounce Religion, Smiting, Recall Orcish Followers, Give Item to Named
Follower


You were on level 1 of the Orcish Mines.
You worshipped Beogh.
Beogh was extremely pleased with you.
You visited 3 branches of the dungeon, and saw 13 of its levels.

You collected 910 gold pieces.
You spent 408 gold pieces at shops.

Inventory:

Hand Weapons
 a - a +4 glaive
 b - a +0 hand axe of electrocution (weapon)
 w - a +4 flail
Missiles
 F - a throwing net (quivered)
Armour
 c - +0 acid dragon scales
 g - a +0 helmet (worn)
 m - a +0 kite shield (worn)
 o - the +4 ring mail "Paawin" (worn) {Regen+ Str+2}
   (You found it on level 2 of the Dungeon)

   Str+2:     It affects your strength (+2).
   Regen+:    It increases your rate of health regeneration.
 B - a +0 pair of boots (worn)
 J - a +1 pair of gloves (worn)
 K - a scarf of resistance (worn)
Jewellery
 A - a ring of willpower (left hand)
 L - an amulet of the acrobat (around neck)
Wands
 l - a wand of roots (4)
 p - a wand of mindburst (12)
 H - a wand of digging (2)
Scrolls
 e - a scroll of brand weapon {unknown}
 h - 3 scrolls of immolation
 j - a scroll of silence
 k - 2 scrolls of blinking {unknown}
 n - 2 scrolls of fear {unknown}
 q - a scroll of amnesia {unknown}
 u - 4 scrolls of poison
 v - 4 scrolls of teleportation
 x - 2 scrolls of fog
 y - a scroll of revelation {unknown}
 z - 4 scrolls of noise {unknown}
 C - 4 scrolls of identify
 D - 4 scrolls of vulnerability
 E - 3 scrolls of enchant weapon {unknown}
Potions
 d - a potion of might
 f - 2 potions of enlightenment
 i - 3 potions of ambrosia
 r - a potion of cancellation
 s - a potion of invisibility
 G - a potion of heal wounds
 I - a potion of attraction


   Skills:
 - Level 8.8 Fighting
 - Level 11.1(16.0) Axes
 - Level 15.6(16.5) Polearms
 + Level 6.7 Armour
 - Level 10.0 Shields


You had 10 spell levels left.
You didn't know any spells.
Your spell library contained the following spells:

 Spells                   Type           Power      Damage    Failure   Level
 Apportation              Tloc           0%         N/A       71%         1
 Necrotise                Necr           0%         1d4       71%         1
 Sting                    Conj/Alch      0%         1d3       71%         1
 Summon Small Mammal      Summ           0%         N/A       71%         1
 Blink                    Tloc           0%         N/A       85%         2
 Lesser Beckoning         Tloc           0%         N/A       85%         2
 Mercury Vapours          Alch/Air       0%         N/A       85%         2
 Momentum Strike          Conj/Tloc      0%         3d8       85%         2
 Gell's Gravitas          Tloc           0%         N/A       97%         3
 Teleport Other           Tloc           0%         N/A       97%         3
 Martyr's Knell           Necr/Summ      0%         N/A       100%        4
 Olgreb's Toxic Radiance  Alch           0%         N/A       100%        4
 Summon Lightning Spire   Summ/Air       0%         N/A       100%        4
 Alistair's Intoxication  Alch           0%         N/A       100%        5
 Borgnjor's Vile Clutch   Necr/Erth      0%         N/A       100%        5
 Summon Forest            Summ/Tloc      0%         N/A       100%        5
 Dispersal                Tloc           0%         N/A       100%        6
 Eringya's Noxious Bog    Alch           0%         4d6       100%        6


Dungeon Overview and Level Annotations

Branches:
Dungeon (11/15)            Temple (1/1) D:4            Lair (0/5) D:8
    Orc (1/2) D:10

Altars:
Ashenzari
Cheibriados
Dithmenos
Elyvilon
Fedhas
Gozag
Hepliaklqana
Kikubaaqudgha
Makhleb
Nemelex Xobeh
Okawaru
Qazlal
Ru
Sif Muna
Trog
Uskayaw
Vehumet
Wu Jian
Xom
Yredelemnul
Zin
The Shining One
Beogh

Shops:
D:1 ?   D:4 ?

Annotations:
D:7 Jeremiah
Orc:1 Sonja


Message History

You feel sick.
You are no longer poisoned.
Sonja says, "Someone hired me to kill you, but I'm not supposed to say who."
Sonja throws a curare-tipped dart.
You block the curare-tipped dart.
Sonja throws a curare-tipped dart.
The curare-tipped dart hits you.
You are poisoned.
You have difficulty breathing.
* * * LOW HITPOINT WARNING * * *
You feel as though you will be slow longer.
You feel very sick.
You feel sick.
You block Sonja's attack. x2; Sonja barely misses you.
Something closely misses Sonja.
Sonja mumbles some strange words.
Sonja blinks!
You feel sick.
Sonja says, "I'm academy-trained, you know."
You feel sick.
Sonja hits your orc warrior with a +1 dagger of distortion.
Your orc warrior is devoured by a tear in reality.
Sonja throws a curare-tipped dart.
The curare-tipped dart hits you.
You are more poisoned.
You have difficulty breathing.
* * * LOW HITPOINT WARNING * * *
You feel as though you will be slow longer.
You feel much better.
You feel very sick.
You feel yourself speed up.
You feel very sick. Sonja hits you but does no damage.
Sonja hits you with a +1 dagger of distortion.
* * * LOW HITPOINT WARNING * * *
You block Sonja's attack.
Sonja hits you with a +1 dagger of distortion.
* * * LOW HITPOINT WARNING * * *
Space warps around you.
* * * LOW HITPOINT WARNING * * *
You block Sonja's attack. Sonja hits you but does no damage.
Space warps horribly around you!
You die...
Sonja applauds herself.

##......................
###....................
##...#................
##....................#
#......................
##..#........#.........
####.§...........###..
#.§.K.#.....#### #
##....@#....##
#..........##
##..........#
####.#....## #........##
##.#......# #...#....##
##.#....## ####.###


You could see Sonja.

Vanquished Creatures
  2 kobold blastminers (Orc:1)
  A freezing wraith (D:10)
  2 trolls
  Grinder (D:5)
  Prince Ribbit (D:5)
  Sigmund (D:6)
  A wraith (D:7)
  2 wyverns
  A human (D:9)
  14 yaks
  A vampire mosquito (D:10)
  Duvessa (D:7)
  3 water moccasins
  6 orc warriors
  2 ice beasts
  2 sky beasts
  5 ogres
  6 centaurs
  A phantom (D:5)
  6 kobold brigands
  5 bullfrogs
  A gnoll sergeant (D:10)
  Dowan (D:7)
  6 killer bees
  2 howler monkeys
  2 bombardier beetles
  5 jellies
  An orc priest (D:5)
  A gnoll bouda (D:7)
  A sleepcap (D:7)
  Ijyb (D:4)
  4 iguanas
  12 orc wizards
  5 adders
  6 gnolls
  A shadow imp (D:3)
  4 white imps
  6 ufetubi
  4 dart slugs
  2 ribbon worms
  10 orcs
  6 bats
  4 endoplasms
  4 giant cockroaches
  4 goblins
  6 hobgoblins
  28 kobolds
  5 quokkas
  4 ball pythons
  A frilled lizard (D:3)
  4 rats
205 creatures vanquished.

Vanquished Creatures (collateral kills)
  Urug (D:10)
  A yak (D:10)
  2 wraiths
  A human (D:9)
  A steam dragon (D:8)
  2 acid dragons
  A water moccasin (D:8)
  An orc warrior (D:9)
  A sky beast (D:8)
  A black bear (D:8)
  A laughing skull (D:10)
  3 centaurs
  A kobold brigand (D:10)
  2 killer bees (D:9)
  4 howler monkeys
  An iguana (D:6)
  A shadow imp (D:8)
  2 orcs
  7 kobolds
34 creatures vanquished.

Vanquished Creatures (others)
  An orc knight (D:10)
  4 orc warriors
  3 orc wizards
  2 orc priests
  10 orcs
20 creatures vanquished.

Grand Total: 259 creatures vanquished

Notes
Turn   | Place    | Note
-------+----------+-------------------------------------------
     0 | D:1      | mezmerelda the Hill Orc Fighter began the quest for the
                  | Orb.
     0 | D:1      | Reached XP level 1. HP: 19/19 MP: 1/1
   169 | D:1      | Reached XP level 2. HP: 26/26 MP: 2/2
   198 | D:3      | Found a roughly hewn altar of Beogh.
   199 | D:3      | Became a worshipper of Beogh the Brigand
   327 | D:3      | Reached XP level 3. HP: 31/31 MP: 3/3
   403 | D:3      | Reached skill level 5 in Axes
   407 | D:3      | Reached XP level 4. HP: 18/39 MP: 4/4
   611 | D:3      | Noticed a centaur
   910 | D:1      | Reached * piety under Beogh
  1049 | D:1      | Found Okoarph's Magic Scroll Shop.
  1055 | D:1      | Bought a scroll of identify for 24 gold pieces
  1055 | D:1      | Bought a scroll of silence for 114 gold pieces
  1322 | D:2      | Found a sacrificial altar of Ru.
  1495 | D:2      | Reached XP level 5. HP: 44/45 MP: 5/5
  1762 | D:2      | Identified the +4 ring mail "Paawin" {Regen+ Str+2}
  2046 | D:3      | Got the Atlas of Nonlocality and the Gang
  2277 | D:4      | Noticed an ogre
  2306 | D:3      | Found an ornate altar of the Wu Jian Council.
  2329 | D:4      | Noticed Ijyb
  2336 | D:4      | Killed Ijyb
  2351 | D:4      | Reached XP level 6. HP: 45/51 MP: 6/6
  2458 | D:4      | Reached skill level 5 in Shields
  2565 | D:4      | Found a staircase to the Ecumenical Temple.
  2571 | D:4      | Reached ** piety under Beogh
  2579 | Temple   | Entered the Ecumenical Temple
  2593 | D:4      | Reached XP level 7. HP: 38/57 MP: 7/7
  2867 | D:4      | Found a blossoming altar of Fedhas.
  2869 | D:4      | Found a stormy altar of Qazlal.
  3267 | D:4      | Found Ruxogoq's Magic Scroll Emporium.
  3272 | D:4      | Bought a scroll of identify for 28 gold pieces
  3272 | D:4      | Bought a scroll of poison for 56 gold pieces
  3272 | D:4      | Bought a scroll of teleportation for 42 gold pieces
  3466 | D:5      | Entered Level 5 of the Dungeon
  3516 | D:5      | Noticed Prince Ribbit
  3520 | D:5      | Found a shimmering altar of Xom.
  3521 | D:5      | Found a hazy altar of Hepliaklqana.
  3522 | D:5      | Noticed a spectral ugly thing
  3536 | D:5      | Killed Prince Ribbit
  3588 | D:5      | Reached XP level 8. HP: 64/64 MP: 8/8
  3640 | D:5      | Noticed Grinder
  3901 | D:6      | Reached skill level 10 in Axes
  4330 | D:6      | Found a white marble altar of Elyvilon.
  4343 | D:6      | Noticed Sigmund
  4351 | D:6      | Killed Sigmund
  4546 | D:5      | Reached XP level 9. HP: 70/70 MP: 9/9
  4552 | D:5      | Reached skill level 10 in Shields
  4732 | D:5      | Paralysed by Grinder for 3 turns
  4737 | D:5      | Paralysed by Grinder for 5 turns
  4748 | D:5      | Killed Grinder
  4749 | D:5      | Reached skill level 5 in Fighting
  5829 | D:7      | Noticed Jeremiah
  5963 | D:7      | Reached skill level 3 in Polearms
  5965 | D:7      | Reached skill level 4 in Polearms
  5965 | D:7      | Noticed Duvessa
  5965 | D:7      | Noticed Dowan
  5979 | D:7      | Killed Duvessa
  5979 | D:7      | Reached *** piety under Beogh
  5980 | D:7      | Reached skill level 5 in Polearms
  5996 | D:7      | Reached skill level 6 in Polearms
  5996 | D:7      | Reached XP level 10. HP: 74/90 MP: 10/10
  6003 | D:7      | Reached skill level 7 in Polearms
  6026 | D:7      | Reached skill level 8 in Polearms
  6041 | D:7      | Killed Dowan
  6366 | D:1      | Bought a scroll of vulnerability for 48 gold pieces
  6366 | D:1      | Bought a scroll of immolation for 48 gold pieces
  6366 | D:1      | Bought a scroll of fog for 48 gold pieces
  6777 | D:8      | Reached skill level 9 in Polearms
  6838 | D:8      | Reached skill level 10 in Polearms
  6863 | D:8      | Reached skill level 11 in Polearms
  6926 | D:8      | Found a staircase to the Lair.
  7222 | D:8      | Gained Wulfoc as an ally
  7242 | D:8      | Reached skill level 12 in Polearms
  7480 | D:8      | Reached **** piety under Beogh
  7513 | D:8      | Reached skill level 13 in Polearms
  7811 | D:9      | Found an ancient bone altar of Kikubaaqudgha.
  7856 | D:9      | Reached skill level 14 in Polearms
  7923 | D:9      | Found a sparkling altar of Nemelex Xobeh.
  8102 | D:9      | Found an iron altar of Okawaru.
  8219 | D:9      | You fall into a shaft and drop 2 floors!
  8252 | D:10     | Entered Level 10 of the Dungeon
  8371 | D:9      | Reached XP level 11. HP: 95/95 MP: 11/11
  8433 | D:9      | Reached skill level 15 in Polearms
  8647 | D:9      | Found a burning altar of Makhleb.
  8806 | D:10     | Noticed Urug
  8821 | D:10     | Killed Urug
  8946 | D:10     | Found a staircase to the Orcish Mines.
  9051 | D:10     | Noticed a +0 short sword
  9052 | D:10     | Noticed a +0 spear
  9052 | D:10     | Noticed a +0 spear
  9052 | D:10     | Noticed a +0 dagger
  9052 | D:10     | Noticed a +0 short sword
  9054 | D:10     | Noticed a +0 falchion
  9054 | D:10     | Noticed a +0 dagger
  9054 | D:10     | Noticed a +0 falchion
  9067 | D:10     | Found a hide-covered altar of Uskayaw.
  9092 | D:10     | Found an opulent altar of Gozag.
  9314 | D:10     | Found a shadowy altar of Dithmenos.
  9359 | D:10     | Reached ***** piety under Beogh
  9371 | D:10     | Noticed a deep elf pyromancer
  9381 | D:10     | Noticed a deep elf pyromancer
  9391 | D:10     | Noticed a tengu warrior
  9392 | D:10     | Reached skill level 5 in Armour
  9398 | D:10     | Your ally Wulfoc died
  9525 | Orc:1    | Entered Level 1 of the Orcish Mines
  9577 | Orc:1    | Gained Gorm as an ally
  9581 | Orc:1    | Your ally Gorm died
  9675 | Orc:1    | Noticed Sonja
  9697 | Orc:1    | HP: 3/95 [asphyx]
  9699 | Orc:1    | Slain by Sonja

Illustrated notes

Levels and vault maps discovered:
D:1:      sevenhm_arrival_forest_fort_small_4, layout_loops_cross, serial_shops,
          nicolae_shop_tiny_statue_garden
D:2:      layout_basic, basic_altar
D:3:      layout_loops_cross, mainiacjoe_overflow_cross_hatched,
          kennysheep_orc_chapel
D:4:      layout_loops_ring, grunt_temple_overflow_forces_of_nature,
          temple_fountains, serial_shops, nicolae_shop_pleasant_corner_grove,
          serial_bayou, serial_bayou_lake_a, serial_bayou_lagoon_a,
          serial_bayou_crossing, serial_bayou_pond_b, serial_bayou_pond_a,
          serial_bayou_pond_b, uniq_ijyb
D:5:      layout_loops_ring, regret_index_temple_of_mockery,
          uniq_prince_ribbit1, uniq_grinder
D:6:      layout_loops_corners, mainiacjoe_overflow_surrounded_room,
          minivault_25, uniq_sigmund
D:7:      layout_basic, minmay_manual_monolith, uniq_jeremiah, uniq_duvessa
D:8:      layout_loops_ring, lair_entry_dummy,
          serial_library_hellmonk_big_corner, amcnicky_mini_corridor_feature,
          serial_bayou_pond_c, hangedman_minor_gate_pass
D:9:      layout_basic, lightli_temple_of_fire, okawaru_humans,
          nicolae_kikubaaqudgha_miasma_corner, nemelex_spade_bored_becter
D:10:     layout_loops_corners, nicolae_overflow_crystal_walls,
          nicolae_uskayaw_en_pointe, mainiacjoe_overflow_brackets, orc_0_dummy,
          hangedman_weighted_door, nicolae_rejected_hall, uniq_urug
D:11:     layout_long_grid, grunt_ministairs_4, xom_teletrap_fun
Temple:   dpeg_three_leaves_temple
Orc:1:    layout_caves, uniq_sonja

Skill      XL: |  1  2  3  4  5  6  7  8  9 10 11 |
---------------+----------------------------------+-----
Axes           | 3 4 5 6 7 8 9 10 11 | 11.1
Shields        | 4 5 6 9 10 | 10.0
Fighting       | 8 |  8.8
Polearms       | 6 14 15 | 15.6
Armour         | 6 |  6.7

Action                     |  1- 3 |  4- 6 |  7- 9 | 10-12 || total
---------------------------+-------+-------+-------+-------++-------
  Melee: War axe           |    46 |   129 |   359 |    71 ||   605
         Hand axe          |       |       |       |   212 ||   212
         Glaive            |       |       |       |   105 ||   105
 Invoke: Convert to Beogh  |     1 |       |       |       ||     1
         Recall Orcish Fol |       |       |       |     3 ||     3
    Use: Scroll            |       |     1 |     5 |     2 ||     8
         Potion            |       |       |     1 |     3 ||     4
   Stab: Distracted        |       |       |       |     3 ||     3
 Armour: Scale mail        |    32 |    23 |       |       ||    55
         Ring mail         |       |    33 |   278 |   250 ||   561
  Dodge: Dodged            |    21 |    42 |   149 |   119 ||   331
  Block: Buckler           |     6 |     7 |       |       ||    13
         Kite shield       |       |    31 |   168 |   126 ||   325
